[Event "CZE-ch U12 Open 2023"]
[Site "Teplice"]
[Date "2023.03.17"]
[Round "8.1"]
[White "Kroulik, Vaclav"]
[Black "Bara, Jan"]
[Result "0-1"]
[Annotator "NA RC COMBH"]
[ECO "B50"]
[WhiteElo "1772"]
[BlackElo "1712"]
[PlyCount "96"]
[EventDate "2023.03.09"]
[EventType "swiss"]
[EventCountry "CZE"]
[SourceTitle "playchess.com"]
[Source "ChessBase"]
[SourceQuality "1"]
[TimeControl "40/5400+30:1800+30"]

1. e4 c5 2. Nf3 d6 3. c3 Nf6 4. Be2 g6 5. d3 Bg7 6. O-O O-O 7. h3 Nc6 8. Be3 Rb8 9. Nbd2 b5 10. d4 cxd4 11. cxd4 a6 12. d5 Na5 13. Nd4 Bd7 14. Rc1 Rc8 15. f3 Rxc1 16. Qxc1 Qc8 17. b4 Nb7 18. Qa3 Qa8 19. Rc1 e5 20. Nc6 Kh8 21. Na7 Nh5 22. Qxa6 Nf4 23. Bxb5 Bxb5 24. Qxb5 Bh6 25. Bf2 Nc5 26. bxc5 Qxa7 27. Rc2 Rb8 28. c6 Qc7 29. a4 Rxb5 30. axb5 Ne2+ 31. Kh2 Bf4+ 32. g3 Bxg3+ 33. Bxg3 Qb6 34. Rc1 Nxc1 35. Nc4 Qxb5 36. Nxd6 Qe2+ 37. Kg1 Qd1+ 38. Kg2 Qc2+ 39. Kh1 Nd3 40. Nxf7+ Kg7 41. Ng5 Qc1+ 42. Kh2 Qxg5 43. h4 Qd2+ 44. Kh3 h5 45. c7 Qc1 46. d6 Qh1+ 47. Bh2 Qxf3+ 48. Bg3 Nf4+ 0-1

[Event "CZE-ch U12 Open 2023"]
[Site "Teplice"]
[Date "2023.03.17"]
[Round "8.2"]
[White "Mik, Tomas"]
[Black "Mydlar, Matej"]
[Result "1-0"]
[Annotator "TA"]
[ECO "B40"]
[WhiteElo "1911"]
[BlackElo "1586"]
[PlyCount "87"]
[EventDate "2023.03.09"]
[EventType "swiss"]
[EventCountry "CZE"]
[SourceTitle "playchess.com"]
[Source "ChessBase"]
[SourceQuality "1"]
[TimeControl "40/5400+30:1800+30"]

1. e4 c5 2. Nf3 e6 3. d4 cxd4 4. Nxd4 Nf6 5. Nc3 Bb4 6. e5 Nd5 7. Qg4 g6 8. Bd2 Nxc3 9. bxc3 Be7 10. Bd3 {[%emt 0:00:53] B40: Sicilian: 2...e6, Unusual lines.} Nc6 11. Nxc6 bxc6 12. O-O {[%emt 0:01:04] White has an edge.} d6 {[%emt 0:01:37] [#]} (12... O-O $11 {keeps the balance.}) 13. f4 $146 {[%emt 0:05:56] White has more active pieces. The black rooks are badly placed.} (13. Bh6 $1 $16) ({Predecessor:} 13. Bh6 dxe5 14. Bg7 f5 15. Qa4 Rg8 16. Bxe5 Bd7 17. Rfd1 a5 18. Rab1 Qc8 19. Rb6 {1-0 Nurkiewicz,M (2387)-Spisak,C (2323) POL-chT 61st 2005 (8)}) 13... Qc7 14. exd6 Bxd6 15. Rae1 (15. c4 {looks sharper.} O-O 16. Bc3 Qe7 17. Rab1) 15... Be7 16. Kh1 (16. c4 {with more complications.} O-O 17. Bc3 Rb8 18. Kh1) 16... Bb7 $2 {[%emt 0:02:49] [#]} (16... O-O $1 $11) 17. c4 (17. f5 $1 $18 {and the rest is easy. Hoping for Bf4.} gxf5 18. Qh5) 17... O-O-O 18. Bc3 h5 (18... Rhe8 $16) 19. Qe2 $18 Rhg8 20. Rb1 Bd6 $2 {[%emt 0:06:58] [#]} (20... Bc5 {was necessary.} 21. Bf6 Rd7) 21. c5 $1 Bxc5 22. Ba6 Bb6 {[%emt 0:00:21] [#]} 23. a4 $1 Bxa6 24. Qxa6+ Qb7 25. Qxb7+ Kxb7 26. a5 {[%emt 0:00:12][%mdl 64] Pin. Black is now going downhill.} Rd5 27. axb6 axb6 28. Rfd1 Rgd8 29. Rxd5 Rxd5 {[%emt 0:00:12][%mdl 4096] Endgame KRB-KR} 30. Kg1 b5 31. Kf2 Rc5 32. Rb3 Rc4 33. Ke3 Kb6 34. g3 c5 35. Kd3 Ra4 {[%emt 0:00:28] ...c4+ would be deadly.} 36. Rb1 Ra3 $2 (36... Ra7 37. Ra1 Rd7+ 38. Ke2 b4) 37. Ra1 {[%emt 0:00:34] White is clearly winning.} Rxa1 38. Bxa1 {[%emt 0:00:10] KB-KP} Kc6 39. Ke4 {[%emt 0:00:30] Black must now prevent Ke5.} Kd6 40. Be5+ Kc6 (40... Ke7 $142 41. Bb2 Kd6) 41. Bg7 {[%emt 0:30:42] Threatens to win with Ke5.} Kd6 42. Bf8+ Kc6 43. c3 f6 44. Be7 {[%emt 0:00:24] Weighted Error Value: White=0.37/Black=0.43} 1-0

[Event "CZE-ch U12 Open 2023"]
[Site "Teplice"]
[Date "2023.03.17"]
[Round "8.3"]
[White "Sochor, Antonin"]
[Black "Policar, Martin"]
[Result "1-0"]
[Annotator "NA RC COMBH"]
[ECO "C26"]
[WhiteElo "1574"]
[BlackElo "1552"]
[PlyCount "149"]
[EventDate "2023.03.09"]
[EventType "swiss"]
[EventCountry "CZE"]
[SourceTitle "playchess.com"]
[Source "ChessBase"]
[SourceQuality "1"]
[TimeControl "40/5400+30:1800+30"]

1. e4 Nf6 2. Nc3 e5 3. g3 Bb4 4. Bg2 Nc6 5. Nge2 d6 6. O-O Be6 7. h3 Qd7 8. Kh2 d5 9. exd5 Nxd5 10. d3 h5 11. h4 f6 12. a3 Bxc3 13. bxc3 g5 14. c4 Nde7 15. Rb1 O-O-O 16. Be3 gxh4 17. gxh4 Nf5 18. Rxb7 Nxe3 19. fxe3 Kxb7 20. Qb1+ Kc8 21. Qb5 Rdg8 22. Bxc6 Qe7 23. Rb1 Kd8 24. Qb8+ Bc8 25. Rb5 Qg7 26. Rd5+ Ke7 27. Qxc7+ Ke6 28. Rd6+ Kf5 29. Be4+ Kg4 30. Qa5 Kxh4 31. Qe1+ Kg5 32. Qg3+ Bg4 33. Ng1 Kh6 34. Qxe5 Rf8 35. Qg3 Qg5 36. Nh3 h4 37. Qf4 Bxh3 38. Kxh3 Rf7 39. Qxg5+ Kxg5 40. Rd5+ f5 41. Bf3 Rg8 42. c5 Kf6 43. Rd6+ Ke7 44. Bd5 Rg3+ 45. Kxh4 Rg4+ 46. Kh5 Rh7+ 47. Rh6 Rhg7 48. Re6+ Kd7 49. c6+ Kc7 50. Rf6 Rh7+ 51. Rh6 Rhg7 52. Rf6 Rh7+ 53. Rh6 Rxh6+ 54. Kxh6 f4 55. exf4 Rxf4 56. Be4 Rf2 57. c4 Ra2 58. Kg5 Rxa3 59. Kf5 Ra1 60. Ke5 a5 61. d4 Rc1 62. Kd5 a4 63. Kc5 a3 64. d5 Rd1 65. Bc2 Rd2 66. Bb1 a2 67. d6+ Kb8 68. c7+ Ka7 69. Bxa2 Rxa2 70. c8=Q Ra6 71. Qxa6+ Kxa6 72. d7 Kb7 73. d8=Q Ka7 74. Kc6 Ka6 75. Qa8# 1-0

[Event "CZE-ch U12 Open 2023"]
[Site "Teplice"]
[Date "2023.03.17"]
[Round "8.4"]
[White "Chernyy, Andrey"]
[Black "Mikulka, Martin Michael"]
[Result "0-1"]
[Annotator "NA RC COMBH"]
[ECO "C00"]
[WhiteElo "1605"]
[BlackElo "1786"]
[PlyCount "98"]
[EventDate "2023.03.09"]
[EventType "swiss"]
[EventCountry "CZE"]
[SourceTitle "playchess.com"]
[Source "ChessBase"]
[SourceQuality "1"]
[TimeControl "40/5400+30:1800+30"]

1. e4 e6 2. d3 d5 3. Nd2 c5 4. Ngf3 Nc6 5. g3 Bd6 6. Bg2 Nge7 7. O-O Bd7 8. a3 Qc7 9. c3 f6 10. Re1 O-O 11. Nf1 a5 12. Bd2 b5 13. Rc1 Rfb8 14. Qe2 b4 15. h4 bxa3 16. bxa3 Rb3 17. Ra1 Rab8 18. Ne3 f5 19. exf5 exf5 20. Ng5 d4 21. Nd5 Qc8 22. Qh5 h6 23. Nxe7+ Nxe7 24. Rxe7 Bxe7 25. Bd5+ Kh8 26. Nf7+ Kh7 27. Bxb3 Rxb3 28. Re1 Qf8 29. Ne5 Be8 30. Qd1 a4 31. cxd4 cxd4 32. Nc4 Bxa3 33. Nxa3 Rxa3 34. Bc1 Rb3 35. Qf3 Bb5 36. Rd1 Qc5 37. Bf4 a3 38. Rc1 Rc3 39. Ra1 Rxd3 40. Qa8 Bc6 41. Qd8 Qd5 42. Qxd5 Bxd5 43. Be5 a2 44. Kf1 Bf3 45. Ke1 h5 46. Kf1 Rd2 47. Rc1 Kg6 48. Ra1 Kf7 49. Re1 Bd1 0-1

[Event "CZE-ch U12 Open 2023"]
[Site "Teplice"]
[Date "2023.03.17"]
[Round "8.5"]
[White "Boff, Ondrej"]
[Black "Rendl, Lubos"]
[Result "1-0"]
[Annotator "NA RC COMBH"]
[ECO "C24"]
[WhiteElo "1561"]
[BlackElo "1477"]
[PlyCount "51"]
[EventDate "2023.03.09"]
[EventType "swiss"]
[EventCountry "CZE"]
[SourceTitle "playchess.com"]
[Source "ChessBase"]
[SourceQuality "1"]
[TimeControl "40/5400+30:1800+30"]

1. e4 e5 2. Bc4 Nf6 3. d3 c6 4. Nf3 d5 5. Bb3 a5 6. a3 a4 7. Ba2 Bd6 8. Nc3 Be6 9. Bg5 Ra5 10. Qd2 Nbd7 11. O-O O-O 12. Rfe1 d4 13. Ne2 Bxa2 14. Rxa2 Rb5 15. Ng3 g6 16. Bh6 Re8 17. Nf5 Nf8 18. Ng7 Re7 19. Nh4 Ne6 20. Nhf5 Rd7 21. Nxe6 fxe6 22. Nxd6 Rxd6 23. f4 exf4 24. e5 Rxe5 25. Rxe5 Ng4 26. Bg5 1-0

[Event "CZE-ch U12 Open 2023"]
[Site "Teplice"]
[Date "2023.03.17"]
[Round "8.6"]
[White "Sochor, Vaclav"]
[Black "Rudlof, Adam"]
[Result "1-0"]
[Annotator "NA RC COMBH"]
[ECO "B24"]
[WhiteElo "1503"]
[BlackElo "1409"]
[PlyCount "181"]
[EventDate "2023.03.09"]
[EventType "swiss"]
[EventCountry "CZE"]
[SourceTitle "playchess.com"]
[Source "ChessBase"]
[SourceQuality "1"]
[TimeControl "40/5400+30:1800+30"]

1. e4 c5 2. Nc3 Nc6 3. g3 d6 4. Bg2 Nf6 5. Nge2 e6 6. O-O Be7 7. d4 cxd4 8. Nxd4 Bd7 9. Be3 O-O 10. Qd2 Nxd4 11. Bxd4 Bc6 12. Rad1 e5 13. Be3 Ng4 14. Nd5 Bxd5 15. exd5 Nxe3 16. Qxe3 f5 17. Rfe1 f4 18. Qe2 fxg3 19. hxg3 Qa5 20. Be4 Rf6 21. Kg2 Raf8 22. Rf1 Bd8 23. a3 Bb6 24. f3 h6 25. c3 Qc5 26. Rd3 h5 27. b4 Qc8 28. Rh1 Rh6 29. Qd2 h4 30. g4 Rf4 31. Qe1 Rxg4+ 32. fxg4 Qxg4+ 33. Kh2 Qf4+ 34. Kh3 g5 35. Qe2 Rf6 36. Qf3 g4+ 37. Qxg4+ Qxg4+ 38. Kxg4 Rf4+ 39. Kg5 Bd8+ 40. Kg6 Rxe4 41. Kf5 Rf4+ 42. Ke6 e4 43. Re3 Bb6 44. Re2 e3 45. Kxd6 Kf7 46. Rc2 Rf2 47. Rxf2+ exf2 48. Rf1 Kf6 49. c4 Bd4 50. Kc7 Ke5 51. d6 Ke4 52. d7 Ke3 53. c5 Bf6 54. Rc1 Kd2 55. Rh1 Ke2 56. Rh2 Ke1 57. Rxf2 Kxf2 58. Kxb7 h3 59. c6 h2 60. c7 h1=Q+ 61. Kb8 Qh2 62. Kb7 Qg2+ 63. Kxa7 Bd4+ 64. Kb8 Qc6 65. c8=Q Be5+ 66. Ka7 Qa4+ 67. Kb7 Qb5+ 68. Ka8 Qd5+ 69. Qb7 Qg8+ 70. Qc8 Qd5+ 71. Qb7 Qg8+ 72. Ka7 Bd4+ 73. Ka6 Qd8 74. Qc6 Ke3 75. Qc1+ Ke4 76. Qh1+ Ke5 77. Qh2+ Ke6 78. Qh3+ Ke7 79. Qh4+ Bf6 80. Qe4+ Kd6 81. Qd3+ Ke6 82. Qe4+ Be5 83. Qc6+ Kf5 84. Qc8 Qf6+ 85. Kb7 Qf7 86. Ka6 Qe6+ 87. Ka5 Qd5+ 88. b5 Bf6 89. d8=Q+ Qe6 90. Qxe6+ Kxe6 91. Qxf6+ 1-0

[Event "CZE-ch U12 Open 2023"]
[Site "Teplice"]
[Date "2023.03.17"]
[Round "8.7"]
[White "Hladky, Mikulas"]
[Black "Maly, Jiri"]
[Result "1/2-1/2"]
[Annotator "NA RC COMBH"]
[ECO "A06"]
[WhiteElo "1476"]
[BlackElo "1520"]
[PlyCount "105"]
[EventDate "2023.03.09"]
[EventType "swiss"]
[EventCountry "CZE"]
[SourceTitle "playchess.com"]
[Source "ChessBase"]
[SourceQuality "1"]
[TimeControl "40/5400+30:1800+30"]

1. Nf3 d5 2. c4 c6 3. e3 Nf6 4. Nc3 h6 5. b3 Bf5 6. Bb2 e6 7. d4 Be7 8. Be2 O-O 9. O-O Nbd7 10. Rc1 Ne4 11. Nxe4 Bxe4 12. Bd3 Bxd3 13. Qxd3 a5 14. a3 Qb6 15. c5 Qc7 16. Qc3 Rfe8 17. Nd2 Nf6 18. f3 Rad8 19. e4 Bf8 20. e5 Nd7 21. f4 Ra8 22. Rf2 Be7 23. Qh3 f5 24. exf6 Bxf6 25. Re1 Nxc5 26. Ba1 Nd7 27. Rxe6 Nf8 28. Re3 Rxe3 29. Qxe3 Qe7 30. Qxe7 Bxe7 31. Bb2 a4 32. b4 b5 33. Nf3 Nd7 34. Ne5 Nxe5 35. fxe5 Bd8 36. Kf1 Bb6 37. Ke2 Re8 38. Ke3 Re7 39. Rc2 Rxe5+ 40. Kf3 Re6 41. Rc1 Kf7 42. Rc2 Rf6+ 43. Ke2 Ke7 44. g3 h5 45. Bc1 Kd7 46. Kd3 g6 47. Be3 Re6 48. Rf2 Ke8 49. Rf3 Bd8 50. Rf1 Rf6 51. Re1 Kd7 52. Bf4 Rf7 53. Re2 1/2-1/2

[Event "CZE-ch U12 Open 2023"]
[Site "Teplice"]
[Date "2023.03.17"]
[Round "8.8"]
[White "Migalko, Dmitriy"]
[Black "Sboev, Kirill"]
[Result "0-1"]
[Annotator "NA RC COMBH"]
[ECO "A13"]
[WhiteElo "1581"]
[BlackElo "1506"]
[PlyCount "106"]
[EventDate "2023.03.09"]
[EventType "swiss"]
[EventCountry "CZE"]
[SourceTitle "playchess.com"]
[Source "ChessBase"]
[SourceQuality "1"]
[TimeControl "40/5400+30:1800+30"]

1. c4 e6 2. e4 e5 3. Nf3 Nc6 4. d4 exd4 5. Nxd4 Bb4+ 6. Nc3 Nf6 7. Nxc6 bxc6 8. Bd3 d6 9. O-O O-O 10. Qc2 Re8 11. f3 d5 12. cxd5 Bxc3 13. bxc3 cxd5 14. exd5 Qxd5 15. Rd1 Kh8 16. Ba3 Qg5 17. Qd2 Qxd2 18. Rxd2 Bd7 19. Bc4 Be6 20. Bxe6 Rxe6 21. Rad1 Ree8 22. Rb2 Rab8 23. Rxb8 Rxb8 24. Kf2 h6 25. g4 Kh7 26. Kg3 Kg6 27. h4 Rb6 28. h5+ Kh7 29. Bc5 Ra6 30. a3 Ra5 31. Bb4 Rd5 32. Rxd5 Nxd5 33. c4 Ne3 34. c5 c6 35. Kf4 Nc4 36. Ke4 a5 37. Kd4 axb4 38. Kxc4 bxa3 39. Kb3 g5 40. Kxa3 Kg7 41. Kb4 Kf6 42. Kc3 Ke5 43. Kc4 Kf4 44. Kd4 f6 45. Kc4 Kxf3 46. Kb4 Kxg4 47. Ka5 f5 48. Kb6 f4 49. Kxc6 f3 50. Kb7 f2 51. c6 f1=Q 52. c7 Qc4 53. Ka8 Kf4 0-1

[Event "CZE-ch U12 Open 2023"]
[Site "Teplice"]
[Date "2023.03.17"]
[Round "8.9"]
[White "Sudrich, Radek"]
[Black "Komarek, Tobias"]
[Result "0-1"]
[Annotator "TA"]
[ECO "B78"]
[WhiteElo "2054"]
[BlackElo "1515"]
[PlyCount "54"]
[EventDate "2023.03.09"]
[EventType "swiss"]
[EventCountry "CZE"]
[SourceTitle "playchess.com"]
[Source "ChessBase"]
[SourceQuality "1"]
[TimeControl "40/5400+30:1800+30"]

1. e4 c5 2. Nf3 Nc6 3. d4 cxd4 4. Nxd4 g6 5. Nc3 Bg7 6. Be3 Nf6 7. f3 O-O 8. Qd2 d6 9. O-O-O Bd7 10. Bc4 Rc8 11. Bb3 Nxd4 12. Bxd4 b5 $1 13. Kb1 {[%emt 0:02:37] B78: Sicilian Dragon: Yugoslav Attack, 9 Bc4 Bd7 10 0-0-0 Rc8.} b4 14. Nd5 Nxd5 15. Bxg7 {[%emt 0:02:13] The position is equal.} Kxg7 16. exd5 (16. Bxd5 {looks sharper.} Qc7 17. h4 h5 18. g4) 16... a5 {[%emt 0:01:20] [#] aiming for ...Qc7.} 17. a3 $146 (17. h4 $11) ({Predecessor:} 17. Qd4+ Kg8 18. h4 Qc7 19. h5 a4 20. hxg6 fxg6 21. Rxh7 Kxh7 22. Rh1+ Kg8 23. Rh8+ {0-1 Miller,D (2201)-Reeve,J (2258) Edmonton-ch Edmonton, 2019 (3.2)}) 17... bxa3 18. bxa3 a4 19. Qd4+ Kg8 20. Bxa4 (20. Ba2 $17) 20... Bxa4 $19 21. Qxa4 Ra8 {[%emt 0:00:46][%mdl 64] [#] Skewer, Deflection} ({Inferior is} 21... Qc7 22. Rd3 $15) 22. Qd4 Rxa3 23. Rd3 Qa5 24. Rxa3 Qxa3 25. Qb2 {[%emt 0:01:26] Prevents Rb8.} Qa7 26. Qa2 $2 {[%emt 0:04:00] [#]} (26. Qc3) 26... Rb8+ 27. Ka1 Qd4+ {[%emt 0:00:06] Black took control after the opening.   Weighted Error Value: White=1.15/Black=0.07 (flawless)} 0-1

[Event "CZE-ch U12 Open 2023"]
[Site "Teplice"]
[Date "2023.03.17"]
[Round "8.11"]
[White "Mazurek, Richard"]
[Black "Frantsev, Iegor"]
[Result "0-1"]
[Annotator "NA RC COMBH"]
[ECO "A06"]
[WhiteElo "1137"]
[BlackElo "1424"]
[PlyCount "74"]
[EventDate "2023.03.09"]
[EventType "swiss"]
[EventCountry "CZE"]
[SourceTitle "playchess.com"]
[Source "ChessBase"]
[SourceQuality "1"]
[TimeControl "40/5400+30:1800+30"]

1. Nf3 d5 2. g3 Nf6 3. Bg2 c6 4. d4 Bf5 5. O-O e6 6. Nbd2 Nbd7 7. c4 h6 8. cxd5 exd5 9. Nb3 Bd6 10. Re1 O-O 11. Bd2 Ne4 12. Be3 Re8 13. Qc1 Ndf6 14. Bf4 Bxf4 15. Qxf4 Bh7 16. Qc1 Qe7 17. e3 Rad8 18. Nfd2 Qd7 19. Nxe4 Nxe4 20. Nc5 Nxc5 21. Qxc5 a6 22. Rac1 Be4 23. Qb6 Bxg2 24. Kxg2 Re6 25. Rc5 Rf6 26. Re2 Re8 27. Rc3 Qg4 28. Rcc2 Qf3+ 29. Kg1 Kh7 30. Qxb7 Rxe3 31. Rxe3 Qd1+ 32. Kg2 Qxc2 33. Kh3 Qxf2 34. Qb3 Qf1+ 35. Kg4 Qf5+ 36. Kh4 g5+ 37. Kh5 Qh3# 0-1

[Event "CZE-ch U12 Open 2023"]
[Site "Teplice"]
[Date "2023.03.17"]
[Round "8.12"]
[White "Kupka, Alexandr"]
[Black "Krisica, Lukas"]
[Result "1-0"]
[Annotator "NA RC COMBH"]
[ECO "C02"]
[WhiteElo "1220"]
[BlackElo "1342"]
[PlyCount "63"]
[EventDate "2023.03.09"]
[EventType "swiss"]
[EventCountry "CZE"]
[SourceTitle "playchess.com"]
[Source "ChessBase"]
[SourceQuality "1"]
[TimeControl "40/5400+30:1800+30"]

1. e4 c5 2. c3 e6 3. d4 d5 4. e5 b6 5. Nf3 Qd7 6. a3 Ba6 7. Bxa6 Nxa6 8. b4 c4 9. O-O Ne7 10. Re1 Nf5 11. Nbd2 Be7 12. Nf1 O-O 13. Ng3 Nc7 14. Ng5 h6 15. Nf3 Rac8 16. a4 Rfe8 17. Nd2 a6 18. Qf3 b5 19. a5 Rf8 20. Ndf1 Nh4 21. Qg4 Nf5 22. Nh5 g6 23. Nfg3 Nxg3 24. fxg3 g5 25. h4 Kh7 26. Rf1 Qd8 27. Nf6+ Bxf6 28. Rxf6 Ne8 29. Rxh6+ Kg8 30. Bxg5 Qd7 31. Bf6+ Ng7 32. Qxg7# 1-0